 Dungeon Crawl Stone Soup version 0.26-a0-661-g406de6ba63 (webtiles) character file.

Game seed: 18295970441236251922

1969 MrRokkomies the Fanfare of Bloodshed (level 9, -1/70 (71) HPs)
             Began as a Demonspawn Gladiator on Oct 9, 2020.
             Was a Believer of Makhleb.
             Killed from afar by an electric eel (12 damage)
             ... with a bolt of electricity
             ... on level 8 of the Dungeon.
             The game lasted 00:09:21 (6162 turns).

MrRokkomies the Fanfare of Bloodshed (DsGl)         Turns: 6162, Time: 00:09:22

HP:   -1/70 (71)    AC: 15    Str: 19    XL:     9   Next: 0%
MP:   15/15         EV: 11    Int:  4    God:    Makhleb [**....]
Gold: 323           SH:  0    Dex: 15    Spells: 8/8 levels left

rFire    + + .     SeeInvis .   F - +7 quarterstaff of Umocar {vamp, rF+ rN+++ Str+5 Int-5}
rCold    . . .     Faith    .   (shield currently unavailable)
rNeg     + + +     Spirit   .   I - +2 scale mail {MR+}
rPois    .         Reflect  .   c - +1 helmet
rElec    .         Harm     .   u - +0 cloak
rCorr    .         Rampage  .   (no gloves)
MR       +....                  (no boots)
Stlth    ..........             (no amulet)
HPRegen  0.21/turn              A - -4 ring of intelligence (curse)
MPRegen  0.14/turn              (no ring)

@: no status effects
A: talons 2, yellow scales 2, demonic guardian 1, fire resistance 1
a: Minor Destruction, Renounce Religion


You were on level 8 of the Dungeon.
You worshipped Makhleb.
Makhleb was pleased with you.
You visited 1 branch of the dungeon, and saw 8 of its levels.

You collected 323 gold pieces.

Inventory:

Hand Weapons
 a - the +5 spear of the Thieving Jester {venom, +Rage}
   (You found it on level 6 of the Dungeon)

   It poisons the flesh of those it strikes.
   It lets you go berserk.
 b - a +0 shortbow
 B - a +0 long sword
 F - the +7 quarterstaff of Umocar (weapon) {vamp, rF+ rN+++ Str+5 Int-5}
   (You found it on level 7 of the Dungeon)

   It inflicts no extra harm, but heals its wielder when it wounds a living foe.
   It affects your strength (+5).
   It affects your intelligence (-5).
   It protects you from fire.
   It renders you almost immune to negative energy.
Missiles
 d - 5 throwing nets
 e - 65 arrows
 k - 10 boomerangs
 o - 40 bolts
 s - 92 sling bullets
 x - 20 poisoned darts (quivered)
 y - 5 javelins
Armour
 c - a +1 helmet (worn)
 u - a +0 cloak (worn)
 I - a +2 scale mail of magic resistance (worn)
Magical Staves
 q - an uncursed staff of air {unknown}
 r - an uncursed staff of earth
Jewellery
 A - a cursed -4 ring of intelligence (left hand)
Wands
 g - a wand of random effects (6)
 H - a wand of enslavement (14)
Scrolls
 l - 5 scrolls of teleportation
 w - 2 scrolls of identify
 C - a scroll of magic mapping
Potions
 f - a potion of lignification
 h - a potion of heal wounds {unknown}
 i - a potion of curing {unknown}
 j - a potion of cancellation {unknown}
 m - 2 potions of stabbing {unknown}
 n - 2 potions of haste
 p - a potion of resistance
 t - a potion of ambrosia {unknown}
 v - 2 potions of invisibility {unknown}
 z - a potion of berserk rage {unknown}
 G - a potion of magic {unknown}


   Skills:
 * Level 6.4 Fighting
 - Level 5.2 Long Blades
 - Level 1.2 Polearms
 - Level 1.7 Throwing
 + Level 4.3 Armour
 - Level 2.6 Dodging
 * Level 8.8 Invocations


You had 8 spell levels left.
You didn't know any spells.
Your spell library was empty.

Dungeon Overview and Level Annotations

Branches:
Dungeon (8/15)             Temple (0/1) D:7
   Lair: D:8-11

Altars:
Cheibriados
Gozag
Kikubaaqudgha
Makhleb
Nemelex Xobeh
Okawaru
Qazlal
Trog
Uskayaw
Vehumet
Xom

Annotations:
D:7 1 runed translucent door, haldagan's ghost, novice DEIE


Innate Abilities, Weirdness & Mutations

You have razor-sharp toenails.
You are mostly covered in yellow scales. (AC +3)
A weak demonic guardian rushes to your aid.
Your flesh is heat resistant. (rF+)


Message History

The bolt of electricity hits your quasit!
Your quasit dies!
The bolt of electricity hits you!
The electric eel shoots out a bolt of lightning at you!
The bolt of electricity hits you.
The electric eel shoots out a bolt of lightning at you!
The bolt of electricity hits you!
Unknown command.
The electric eel shoots out a bolt of lightning at you!
The bolt of electricity hits you!
You hear a bark!
The electric eel shoots out a bolt of lightning at you!
The bolt of electricity hits you!
* * * LOW HITPOINT WARNING * * *
The electric eel shoots out a bolt of lightning at you!
The bolt of electricity hits you.
* * * LOW HITPOINT WARNING * * *
The electric eel shoots out a bolt of lightning at you!
The bolt of electricity hits you!
You die...

#... ... ... ... ...≈≈≈ ..
#.# ..;≈≈≈ ##.### #.######
...≈≈≈ ....)####.##...#
####.≈..≈≈ ...#
#....##.#.###.....≈≈≈≈ .<.#
#.##......##......≈≈≈≈
####.#.##......##.?...≈≈≈≈.
.....#..........@....;≈≈≈≈≈
#########.....####...≈≈≈≈≈.
# #......(.....≈≈≈≈≈. #
#†....####...;≈≈≈≈≈
#########...........#≈≈≈≈h.
..........###.###...#≈≈≈≈≈≈
.####....## ....#.#.#..≈≈≈≈
...##....# ##.#...#..)≈≈≈
#####)...# .#


You could see 3 electric eels.

Vanquished Creatures
  Erica (D:8)
  A necrophage (D:5)
  2 phantoms (D:5)
  2 centaurs
  2 big kobolds
  A gnoll sergeant (D:7)
  A bullfrog (D:7)
  A centaur zombie (D:7)
  A bullfrog zombie (D:5)
  2 bullfrog skeletons
  A jelly (D:7)
  An orc priest (D:7)
  An orc wizard (D:6)
  2 hounds
  4 iguanas
  4 worker ants
  A worker ant zombie (D:7)
  3 gnolls (D:7)
  4 adders
  2 ufetubi
  A dart slug (D:4)
  2 leopard geckos (D:5)
  5 orcs
  A ball python (D:5)
  8 giant cockroaches
  14 goblins
  3 hobgoblins
  14 jackals
  9 quokkas
  8 bats
  5 frilled lizards
  5 kobolds
  2 quokka skeletons (D:5)
  7 rats
121 creatures vanquished.

Vanquished Creatures (collateral kills)
  An orc warrior (D:7)
  An ogre (D:5)
  A howler monkey (D:5)
  A hound (D:7)
  An orc priest (D:6)
  An iguana (D:5)
  A worker ant (D:5)
  A white imp (D:5)
  An ooze (D:5)
  2 orcs (D:6)
  3 kobolds (D:6)
14 creatures vanquished.

Vanquished Creatures (others)
  A plant (D:2)
1 creature vanquished.

Grand Total: 136 creatures vanquished

Notes
Turn   | Place    | Note
-------+----------+-------------------------------------------
     0 | D:1      | MrRokkomies the Demonspawn Gladiator began the quest for
                  | the Orb.
     0 | D:1      | Reached XP level 1. HP: 16/16 MP: 1/1
    97 | D:1      | Gained mutation: Your flesh is heat resistant. (rF+)
                  | [demonic ancestry]
    97 | D:1      | Reached XP level 2. HP: 12/22 MP: 2/2
   961 | D:2      | Reached XP level 3. HP: 28/28 MP: 3/3
  1075 | D:2      | Reached skill level 1 in Armour
  1362 | D:2      | Found a burning altar of Makhleb.
  1369 | D:2      | Became a worshipper of Makhleb the Destroyer
  1384 | D:2      | Found a stormy altar of Qazlal.
  1569 | D:2      | Found a faded altar of an unknown god.
  1802 | D:3      | Reached skill level 1 in Invocations
  1816 | D:3      | Gained mutation: You are partially covered in yellow
                  | scales. (AC +2) [demonic ancestry]
  1816 | D:3      | Reached XP level 4. HP: 26/35 MP: 4/4
  2109 | D:3      | Found a radiant altar of Vehumet.
  2180 | D:3      | Found an opulent altar of Gozag.
  2604 | D:4      | Found a bloodstained altar of Trog.
  2666 | D:4      | Reached skill level 2 in Invocations
  2812 | D:4      | Gained mutation: A weak demonic guardian rushes to your
                  | aid. [demonic ancestry]
  2812 | D:4      | Reached XP level 5. HP: 36/41 MP: 6/6
  3049 | D:4      | Reached skill level 3 in Invocations
  3378 | D:5      | Entered Level 5 of the Dungeon
  3380 | D:5      | Noticed a necrophage
  3391 | D:5      | Killed a necrophage
  3392 | D:5      | Noticed an ogre
  3393 | D:5      | Noticed a phantom
  3580 | D:5      | Gained mutation: You have sharp toenails. [demonic
                  | ancestry]
  3580 | D:5      | Reached XP level 6. HP: 46/46 MP: 8/8
  3619 | D:5      | Reached skill level 4 in Invocations
  3666 | D:5      | Reached * piety under Makhleb
  4024 | D:5      | Reached skill level 5 in Invocations
  4024 | D:5      | Reached XP level 7. HP: 53/53 MP: 10/10
  4228 | D:6      | Reached skill level 5 in Long Blades
  4830 | D:6      | Reached skill level 6 in Invocations
  4869 | D:6      | Got an iridescent spear
  4870 | D:6      | Identified the +5 spear of the Thieving Jester {venom,
                  | +Rage} (You found it on level 6 of the Dungeon)
  5163 | D:7      | Reached skill level 1 in Polearms
  5163 | D:7      | Gained mutation: You are mostly covered in yellow scales.
                  | (AC +3) [demonic ancestry]
  5163 | D:7      | Reached XP level 8. HP: 59/60 MP: 12/12
  5195 | D:7      | Got a smoking quarterstaff
  5196 | D:7      | Identified the +7 quarterstaff of Umocar {vamp, rF+ rN+++
                  | Str+5 Int-5} (You found it on level 7 of the Dungeon)
  5221 | D:7      | Found a hide-covered altar of Uskayaw.
  5253 | D:7      | Found a staircase to the Ecumenical Temple.
  5313 | D:7      | Found an ancient bone altar of Kikubaaqudgha.
  5315 | D:7      | Found a shimmering altar of Xom.
  5315 | D:7      | Found an iron altar of Okawaru.
  5320 | D:7      | Found a bloodstained altar of Trog.
  5320 | D:7      | Found a bloodstained altar of Trog.
  5320 | D:7      | Found an ancient bone altar of Kikubaaqudgha.
  5393 | D:7      | Reached ** piety under Makhleb
  5466 | D:7      | Reached skill level 5 in Fighting
  5480 | D:7      | Reached skill level 7 in Invocations
  5959 | D:7      | Found a runed translucent door.
  6061 | D:7      | Noticed haldagan's ghost (novice DEIE)
  6095 | D:8      | Noticed Erica
  6105 | D:8      | Killed Erica
  6105 | D:8      | Reached skill level 8 in Invocations
  6105 | D:8      | Gained mutation: You have razor-sharp toenails. [demonic
                  | ancestry]
  6105 | D:8      | Reached XP level 9. HP: 67/70 MP: 13/15
  6106 | D:8      | Found a sparkling altar of Nemelex Xobeh.
  6122 | D:8      | Found a snail-covered altar of Cheibriados.
  6162 | D:8      | Killed from afar by an electric eel

Illustrated notes

Levels and vault maps discovered:
D:1:      ncdulo_lavacross, layout_basic, hangedman_feature_mirror,
          minmay_misc_feat_four_crosses
D:2:      layout_rooms, nicolae_overflow_crystal_walls, old_standard_altar,
          chequers_ecumenical_altar_lobes
D:3:      layout_loops_ring, old_standard_altar, fiery_altar_vehumet
D:4:      layout_loops_ring, old_standard_altar
D:5:      layout_basic
D:6:      layout_basic, abandoned_shop
D:7:      layout_basic, marbit_many_paths, doesnt_xom_only_xom,
          minmay_temple_entry_grid, ebering_ghost_inner_flame
D:8:      layout_basic, chequers_temple_overflow_statue_of_worship,
          erik_lair_island, serial_shops, nicolae_shop_waterfront, uniq_erica

Skill      XL: |  1  2  3  4  5  6  7  8 |
---------------+-------------------------+-----
Long Blades    | 3 4 5 |  5.2
Armour         | 1 2 3 4 |  4.3
Fighting       | 3 4 6 |  6.4
Invocations    | 1 2 3 5 6 8 |  8.8
Polearms       | 1 |  1.2
Throwing       | |  1.7
Dodging        | |  2.6

Action                   |  1- 3 |  4- 6 |  7- 9 || total
-------------------------+-------+-------+-------++-------
Melee: Long sword        |   128 |   143 |    55 ||   326
       Kick              |       |    22 |    42 ||    64
       Spear             |       |       |    19 ||    19
       Quarterstaff      |       |       |    61 ||    61
Throw: Dart              |       |     5 |     8 ||    13
Invok: Minor Destruction |       |       |     3 ||     3
  Use: Scroll            |     5 |     5 |     3 ||    13
 Stab: Distracted        |       |       |     2 ||     2
Armor: Leather armour    |     7 |       |       ||     7
       Ring mail         |    53 |    78 |    68 ||   199
       Scale mail        |       |       |     3 ||     3
Dodge: Dodged            |   118 |   101 |   110 ||   329
       Rpst.: Long sword |    36 |    37 |     9 ||    82

Table legend: (Time is in decaauts)
 A = Elapsed time spent in this place.
 B = Non-inter-level travel time spent in this place.
 C = Inter-level travel time spent in this place.
 D = Time resting spent in this place.
 E = Time spent auto-exploring this place.
 F = Levels seen in this place.
 G = Mean time per level.
                   A        B        C        D        E       F      G
               +--------+--------+--------+--------+--------+-----+--------+
         Total |   6242 |   6006 |    236 |    254 |   4679 |   8 |  780.2 |
       Dungeon |   6242 |   6006 |    236 |    254 |   4679 |   8 |  780.2 |
               +--------+--------+--------+--------+--------+-----+--------+

Top non-repeatable levels by time:
     D:4: 1037 daAuts
     D:1: 974 daAuts
     D:7: 948 daAuts
     D:6: 938 daAuts
     D:3: 894 daAuts
     D:5: 709 daAuts
     D:2: 655 daAuts
     D:8: 84 daAuts
